 Dungeon Crawl Stone Soup version 0.27-a0-1193-g8631133539 (webtiles) character file.

Game seed: 9340417267483682459

2844 Borgoz the Skirmisher (level 9, -6/59 HPs)
             Began as a Gargoyle Berserker on Apr 28, 2021.
             Was an Elder of Trog.
             Mangled by a skeletal warrior
             ... wielding a +0 glaive
              (20 damage)
             ... on level 7 of the Dungeon on May 25, 2021.
             The game lasted 00:11:35 (7027 turns).

Borgoz the Skirmisher (Gargoyle Berserker)          Turns: 7027, Time: 00:11:36

Health: -6/59      AC: 17    Str: 18    XL:     9   Next: 74%
Magic:  9/9        EV: 13    Int:  8    God:    Trog [****..]
Gold:   484        SH:  0    Dex: 12    Spells: 8/8 levels left

rFire    + . .     SeeInvis .   u - +5 mace "Gargoyle's Peril" {venom, rCorr Str-3 Stlth+}
rCold    . . .     Faith    .   (no shield)
rNeg     + + .     Spirit   .   n - +2 leather armour {rN+}
rPois    ∞         Reflect  .   z - +0 helmet
rElec    +         Harm     .   (no cloak)
rCorr    +         Rampage  .   (no gloves)
Will     .....                  w - +2 pair of boots
Stlth    ++........             (no amulet)
HPRegen  0.19/turn              G - ring of protection from fire
MPRegen  0.11/turn              (no ring)

@: on berserk cooldown, slowed, very slow
A: sickness immunity, AC +6, negative energy resistance 1, electricity
resistance, torment resistance 1, petrification resistance
a: Renounce Religion, Berserk, Trog's Hand, Brothers in Arms


You were on level 7 of the Dungeon.
You worshipped Trog.
Trog was greatly pleased with you.
You visited 1 branch of the dungeon, and saw 7 of its levels.
You also visited: Sewer and Ossuary.

You collected 484 gold pieces.

Inventory:

Hand Weapons
 u - the +5 mace "Gargoyle's Peril" (weapon) {venom, rCorr Str-3 Stlth+}
   (You found it on level 4 of the Dungeon)

   It poisons the flesh of those it strikes.
   It affects your strength (-3).
   It protects you from acid and corrosion.
   It makes you more stealthy.
Missiles
 C - 2 throwing nets
Armour
 n - a +2 leather armour of positive energy (worn)
 w - a +2 pair of boots (worn)
 z - a +0 helmet (worn)
 I - a +0 pair of gloves
Jewellery
 G - a ring of protection from fire (left hand)
Wands
 a - a wand of mindburst (14)
 B - a wand of flame (15)
 H - a wand of polymorph (9)
Scrolls
 c - 9 scrolls of identify {unknown}
 e - 3 scrolls of magic mapping
 g - 3 scrolls of vulnerability {unknown}
 h - a scroll of torment {unknown}
 k - 2 scrolls of noise {unknown}
 l - a scroll of enchant armour {unknown}
 o - 2 scrolls of fear {unknown}
 q - 3 scrolls of amnesia {unknown}
 r - a scroll of silence {unknown}
 s - a scroll of blinking {unknown}
 x - 2 scrolls of brand weapon {unknown}
 y - 2 scrolls of teleportation {unknown}
 F - a scroll of acquirement {unknown}
Potions
 b - a potion of haste {unknown}
 d - 2 potions of attraction {unknown}
 f - a potion of degeneration {unknown}
 i - 3 potions of heal wounds {unknown}
 j - 4 potions of cancellation {unknown}
 m - 5 potions of curing {unknown}
 p - 2 potions of mutation {unknown}
 t - 2 potions of might {unknown}
 v - 2 potions of brilliance {unknown}
 A - a potion of magic {unknown}
 D - a potion of invisibility {unknown}
 E - a potion of flight {unknown}


   Skills:
 + Level 7.9 Fighting
 + Level 7.2 Maces & Flails
 + Level 7.5 Armour
 + Level 5.6 Dodging


You had 8 spell levels left.
You didn't know any spells.
Your spell library was empty.

Dungeon Overview and Level Annotations

Branches:
Dungeon (7/15)             Temple (0/1) D:4           Sewer (visited)
Ossuary (visited)

Altars:
Dithmenos
Gozag
Kikubaaqudgha
Trog
Uskayaw
Vehumet
Wu Jian
Yredelemnul

Shops:
D:5 *   D:7 (

Annotations:
D:3 exclusion: statue


Innate Abilities, Weirdness & Mutations

You are immune to sickness and miasma.
Your stone body is resilient. (AC +6)
You are immune to poison.
You resist negative energy. (rN+)
You are resistant to electric shocks. (rElec)
You are resistant to unholy torment.
You are immune to petrification.


Message History

Menkaure is nearby!
Menkaure shouts!
Menkaure calls on the powers of darkness!
Your body is wracked with pain!
Menkaure casts a spell.
Menkaure seems to speed up.
You see here a +0 pair of gloves.
I - a +0 pair of gloves Menkaure hits you but does no damage.
You hit Menkaure.
Menkaure is lightly damaged.
Menkaure misses you. x2
You hit Menkaure.
Menkaure is moderately damaged.
Menkaure hits you!
A red film seems to cover your vision as you go berserk!
You feel yourself moving faster!
You feel mighty!
Menkaure calls on the powers of darkness!
Your body is wracked with pain!
You sock Menkaure!
Menkaure is heavily damaged.
Menkaure barely misses you.
You thump Menkaure!
You destroy Menkaure!
Trog accepts your kill.
Trog appreciates your killing of a magic user.
You feel a strong urge to attack something.
A skeletal warrior comes into view. It is wielding a +0 flail.
A skeletal warrior comes into view. It is wielding a +0 war axe.
You barely miss the skeletal warrior.
The skeletal warrior hits you with a +0 glaive!!
* * * LOW HITPOINT WARNING * * *
You are too injured to fight recklessly!
You are too injured to fight recklessly!
You are too injured to fight recklessly!
You are no longer berserk.
You are exhausted.
You feel yourself slow down.
The skeletal warrior hits you from afar with a +0 glaive!!
You die...

...........# #.........#
...........###........#*
...........##...#.....#
...........#....#.....###**
........##.......|.......,*
.........#............##*,**
.........#..##.......## *,,*
...#........#......[### **+*
.........#..#...@.....#***,**
............(......##..#*,,,*
####....####.....z.#,.##*,_,*
,,,#....#............,* *****
,,,#..................# **,**
,,,#..................#**,,,*
#+##...##........z.z...#*****
..................##....#,,,*
.............###..z*...##,_,*


You could see 3 skeletal warriors.

Vanquished Creatures
  Pikel (D:4)
  Menkaure (D:7)
  A water moccasin (Sewer)
  2 sky beasts
  An ogre (D:4)
  An ice beast (D:6)
  4 centaurs
  A phantom (D:6)
  A kobold brigand (D:7)
  A bullfrog (D:6)
  A scorpion (D:7)
  2 wyvern skeletons (D:7)
  A jelly (D:6)
  6 killer bees (D:6)
  3 howler monkeys
  A centaur zombie (D:5)
  An orc priest (D:7)
  A bullfrog skeleton (D:6)
  A hound (D:5)
  A centaur skeleton (D:7)
  Jessica (D:2)
  Terence (D:2)
  An iguana (D:5)
  4 orc wizards
  A killer bee zombie (D:5)
  A hound skeleton (D:5)
  9 mummies
  7 gnolls
  5 adders
  2 river rats (D:4)
  An ufetubus (D:5)
  An adder zombie (D:3)
  6 worms
  2 dart slugs
  14 orcs
  5 ball pythons
  12 endoplasms
  2 giant cockroaches
  8 hobgoblins
  12 jackals
  4 quokkas
  2 bats
  6 frilled lizards
  2 gnoll zombies (Ossuary)
  4 goblins
  15 kobolds
  3 kobold zombies (Ossuary)
  4 orc zombies
  2 rats
169 creatures vanquished.

Notes
Turn   | Place    | Note
-------+----------+-------------------------------------------
     0 | D:1      | Borgoz the Gargoyle Berserker began the quest for the Orb.
     0 | D:1      | Reached XP level 1. HP: 14/14 MP: 1/1
   190 | D:1      | Reached XP level 2. HP: 18/19 MP: 2/2
   307 | D:1      | You fall into a shaft and drop 1 floor!
   325 | D:2      | Noticed Terence
   334 | D:2      | Killed Terence
   335 | D:2      | Reached XP level 3. HP: 12/24 MP: 3/3
  1242 | D:2      | Noticed Jessica
  1249 | D:2      | Killed Jessica
  1250 | D:2      | Reached XP level 4. HP: 29/29 MP: 4/4
  1467 | D:2      | Reached ** piety under Trog
  2105 | D:2      | Found an opulent altar of Gozag.
  2129 | D:2      | Reached XP level 5. HP: 33/33 MP: 5/5
  2235 | D:3      | Found an ornate altar of the Wu Jian Council.
  2873 | D:3      | Found a faded altar of an unknown god.
  3212 | D:3      | Found a radiant altar of Vehumet.
  3212 | D:3      | Noticed a charred statue
  3385 | D:4      | Noticed a lemure
  3385 | D:4      | Noticed a lemure
  3386 | D:4      | Noticed Pikel
  3387 | D:4      | Noticed a lemure
  3414 | D:4      | Killed Pikel
  3415 | D:4      | Reached skill level 5 in Fighting
  3415 | D:4      | Reached XP level 6. HP: 37/40 MP: 6/6
  3415 | D:4      | Reached XP level 7. HP: 41/44 MP: 7/7
  3434 | D:4      | Found a bloodstained altar of Trog.
  3497 | D:4      | Reached skill level 5 in Maces & Flails
  3506 | D:4      | Found a glowing drain.
  3511 | Sewer    | Entered a sewer
  3645 | Sewer    | Reached skill level 5 in Armour
  3876 | D:4      | Found a shadowy altar of Dithmenos.
  3933 | D:4      | Reached *** piety under Trog
  3999 | D:4      | Reached XP level 8. HP: 51/51 MP: 8/8
  4152 | D:4      | Identified the +5 mace "Gargoyle's Peril" {venom, rCorr
                  | Str-3 Stlth+}
  4225 | D:4      | Found a staircase to the Ecumenical Temple.
  4348 | D:4      | You fall into a shaft and drop 2 floors!
  4405 | D:5      | Entered Level 5 of the Dungeon
  4503 | D:5      | Found Caod's General Store.
  5485 | D:6      | Found a hide-covered altar of Uskayaw.
  5642 | D:6      | Found an ancient bone altar of Kikubaaqudgha.
  5759 | D:6      | Upgraded the game from 0.27-a0-1101-ge311f74bc8 to
                  | 0.27-a0-1186-g8b4daa1eef
  5762 | D:6      | Upgraded the game from 0.27-a0-1186-g8b4daa1eef to
                  | 0.27-a0-1193-g8631133539
  5950 | D:6      | Found a basalt altar of Yredelemnul.
  5954 | D:6      | Reached XP level 9. HP: 54/57 MP: 9/9
  6245 | D:6      | Identified the +6 hunting sling of Memal {freeze, rElec
                  | Int+7}
  6270 | D:7      | Noticed Menkaure
  6336 | D:6      | Reached skill level 5 in Dodging
  6400 | D:7      | Noticed a skeletal warrior
  6416 | D:7      | Noticed a skeletal warrior
  6513 | D:7      | Found Ojeplir's Weapon Emporium.
  6559 | D:7      | Found a sand-covered staircase.
  6563 | Ossuary  | Entered an ossuary
  6907 | D:7      | Reached **** piety under Trog
  7022 | D:7      | Killed Menkaure
  7024 | D:7      | Noticed a skeletal warrior
  7025 | D:7      | Noticed a skeletal warrior
  7027 | D:7      | Mangled by a skeletal warrior

Illustrated notes

Levels and vault maps discovered:
D:1:      erik_arrival_orb_chamber, layout_rooms
D:2:      layout_loops_ring, basic_altar, uniq_terence, uniq_jessica
D:3:      layout_rooms, lemuel_round_altar, vehumet_statue,
          chequers_ecumenical_altar_island, minmay_misc_feat_iff, minivault_14
D:4:      layout_gridville, grunt_dithmenos_smoke_and_mirrors,
          trog_butcher_becter, minmay_temple_entry_fiery,
          lightli_sewer_entry_pipes, uniq_pikel
D:5:      layout_cave_pods, serial_shops, shop_fountains, serial_park_tiny_2
D:6:      layout_basic, kiku_gazebo_garden_becter,
          nicolae_uskayaw_murder_on_the_dancefloor, marbit_many_paths,
          serial_glass, glass_columns_a, glass_columns_c, glass_columns_c,
          glass_columns_a, glass_columns_a, glass_columns_a, glass_columns_a,
          glass_columns_a, columned_hall_lemuel
D:7:      layout_cave_pools, pdpol_temple_overflow_zin_treasury_gozag_greed,
          nicolae_sif_muna_little_library, kennysheep_mini,
          nicolae_ossuary_entry_giza, serial_shops, shop, serial_column_ruins,
          column_ruins_hut, column_ruins_corridor_corner,
          column_ruins_open_large, column_ruins_columns_straight,
          column_ruins_columns_straight, column_ruins_open_tiny,
          column_ruins_open_small, uniq_menkaure

Skill      XL: |  1  2  3  4  5  6  7  8  9 |
---------------+----------------------------+-----
Dodging        | 2 3 4 5 |  5.6
Fighting       | 4 5 7 |  7.9
Armour         | 3 4 5 6 7 |  7.5
Maces & Flails | 4 5 6 7 |  7.2

Action                   |  1- 3 |  4- 6 |  7- 9 || total
-------------------------+-------+-------+-------++-------
Melee: Mace              |    26 |       |   256 ||   282
       Flail             |    39 |   159 |       ||   198
       Whip              |       |       |    85 ||    85
Invok: Berserk           |     4 |     5 |     6 ||    15
       Trog's Hand       |       |       |     5 ||     5
  Use: Scroll            |       |     1 |     1 ||     2
 Stab: Sleeping          |     1 |       |     2 ||     3
Armor: Animal skin       |    15 |    47 |       ||    62
       Leather armour    |       |     6 |   224 ||   230
Dodge: Dodged            |    43 |   105 |   267 ||   415

Table legend: (Time is in decaauts)
 A = Elapsed time spent in this place.
 B = Non-inter-level travel time spent in this place.
 C = Inter-level travel time spent in this place.
 D = Time resting spent in this place.
 E = Time spent auto-exploring this place.
 F = Levels seen in this place.
 G = Mean time per level.
                   A        B        C        D        E       F      G
               +--------+--------+--------+--------+--------+-----+--------+
         Total |   7260 |   7000 |    260 |   1296 |   4244 |   9 |  806.7 |
       Dungeon |   6730 |   6470 |    260 |   1164 |   4000 |   7 |  961.4 |
         Sewer |    269 |    269 |      0 |     83 |    127 |   1 |  269.0 |
       Ossuary |    261 |    261 |      0 |     49 |    117 |   1 |  261.0 |
               +--------+--------+--------+--------+--------+-----+--------+

Top non-repeatable levels by time:
     D:6: 1287 daAuts
     D:2: 1266 daAuts
     D:1: 1152 daAuts
     D:3: 1074 daAuts
     D:5: 878 daAuts
     D:4: 767 daAuts
     D:7: 303 daAuts
   Sewer: 269 daAuts
 Ossuary: 261 daAuts
